[Event "Titled Tuesday Blitz May 16 Early 2023"]
[White "Lesbekova, Assel"]
[Black "Makaraci, Tunahan"]
[WhiteFideId "13713248"]
[BlackFideId "6356559"]
[WhiteElo "1805"]
[BlackElo "2160"]
[Result "0-1"]
[Round "06"]
[TimeControl "180+2"]
[Date "2023.05.16"]
[WhiteClock "0:00:00"]
[BlackClock "0:00:57"]

1. e4 Nf6 2. e5 Nd5 3. d4 d6 4. c4 Nb6 5. exd6 cxd6 6. h3 g6 7. Nf3 Bg7 8. Nc3 O-O 9. Be2 Nc6 10. O-O Bf5 11. Be3 d5 12. c5 Nc4 13. Bc1 b6 14. b3 N4a5 15. cxb6 axb6 16. Bd3 Nxd4 17. Nxd4 Bxd4 18. Bb2 Bxd3 19. Qxd3 Bg7 20. Ba3 Re8 21. Rac1 e6 22. Nb5 Nb7 23. Rc7 Rxa3 24. Rxb7 Rxa2 25. Qf3 Qf6 26. Qxf6 Bxf6 27. Rxb6 Rb2 28. Nd6 Rd8 29. b4 Bd4 30. Rc6 Rxb4 31. Rd1 Be5 32. Nc8 Kf8 33. Na7 Rb7 34. Nc8 Bc7 35. Rdc1 Rxc8 0-1


[Site "https://www.chess.com"]

[Event "Titled Tuesday Blitz May 16 Early 2023"]
[White "Titichoca Daza, Daniel"]
[Black "Piesik, Piotr"]
[WhiteFideId "3309550"]
[BlackFideId "1136194"]
[WhiteElo "2101"]
[BlackElo "2299"]
[Result "0-1"]
[Round "06"]
[TimeControl "180+2"]
[Date "2023.05.16"]
[WhiteClock "0:00:00"]
[BlackClock "0:00:11"]

1. c4 g6 2. g3 Bg7 3. Bg2 Nc6 4. Nc3 d6 5. b3 e5 6. Bb2 f5 7. d3 Nf6 8. Nh3 O-O 9. O-O Kh8 10. e3 Be6 11. f4 h6 12. a3 a5 13. Rc1 Ng4 14. Qd2 exf4 15. Nxf4 Bf7 16. Ncd5 g5 17. Bxg7+ Kxg7 18. Nh3 Bxd5 19. cxd5 Nce5 20. d4 Ng6 21. e4 fxe4 22. Bxe4 Qe7 23. Bxg6 Kxg6 24. Rfe1 Qf7 25. Re6+ Kg7 26. Nxg5 Qh5 27. Rxc7+ Kg8 28. Ree7 hxg5 29. Rh7 Qxh7 30. Rxh7 Kxh7 31. Qxg5 Nf6 32. h4 Rf7 33. Qf5+ Kg8 34. Qg6+ Kf8 35. Kg2 Ke7 36. Qf5 Rd8 37. h5 Kf8 38. h6 Nh7 39. Qg6 Rdd7 40. Qe6 Rfe7 41. Qf5+ Ke8 42. g4 Rf7 43. Qg6 Kd8 44. g5 Kc7 45. a4 Rde7 46. Qc2+ Kb8 47. Qc4 Nxg5 48. Qb5 Ne4 49. Qb6 Rf2+ 50. Kg1 Re8 51. h7 Rf7 52. Qxa5 Rxh7 53. Qb6 Rf7 54. Kg2 Rg8+ 0-1


[Site "https://www.chess.com"]

[Event "Titled Tuesday Blitz May 16 Early 2023"]
[White "vlajkovicS"]
[Black "electrosaw"]
[WhiteElo "2600"]
[BlackElo "2469"]
[Result "1-0"]
[Round "06"]
[TimeControl "180+2"]
[Date "2023.05.16"]
[WhiteClock "0:02:22"]
[BlackClock "0:01:19"]

1. d4 Nf6 2. Nc3 d5 3. Nf3 g6 4. Bf4 Bg7 5. e3 O-O 6. h3 c6 7. Be2 Bf5 8. O-O Ne4 9. Nxe4 Bxe4 10. Nd2 Bf5 11. c4 Nd7 12. cxd5 cxd5 13. Qb3 Nb6 14. a4 a5 15. Rfc1 Rc8 16. Qb5 Bd7 17. Qxa5 Rxc1+ 18. Rxc1 Nxa4 19. Qxd8 Rxd8 20. b3 Nb6 21. Rc7 Bc6 22. Rxe7 Bf8 23. Rc7 Bb4 24. Nf3 Rc8 25. Rxc8+ Nxc8 26. Ne5 Ne7 27. Nd3 Ba3 28. Kf1 f6 29. Ke1 g5 30. Bh2 Kf7 31. Kd2 Ke6 32. Kc3 Nc8 33. b4 Nb6 34. Kb3 Nc4 35. Nc5+ Ke7 36. Bxc4 1-0


[Site "https://www.chess.com"]

[Event "Titled Tuesday Blitz May 16 Early 2023"]
[White "Odegov, Artem"]
[Black "Osinovsky, Stepan"]
[WhiteFideId "34183644"]
[BlackFideId "4157354"]
[WhiteElo "2300"]
[BlackElo "2222"]
[Result "1-0"]
[Round "06"]
[TimeControl "180+2"]
[Date "2023.05.16"]
[WhiteClock "0:00:35"]
[BlackClock "0:00:00"]

1. d4 Nf6 2. c4 g6 3. Nc3 Bg7 4. e4 O-O 5. h3 d6 6. Be3 e5 7. d5 a5 8. g4 c6 9. Bd3 Na6 10. Nge2 cxd5 11. cxd5 Nc5 12. Bc2 Bd7 13. a4 Qb6 14. O-O Rac8 15. Qd2 Qb4 16. f3 Rc7 17. Nc1 Qxb2 18. N1a2 Rfc8 19. Rfb1 Qa3 20. Nc1 Ncxe4 21. Nxe4 Rxc2 22. Rxa3 Rxd2 23. Nxf6+ Bxf6 24. Bxd2 Rc7 25. Rc3 Rxc3 26. Bxc3 Bxa4 27. Rxb7 Bd1 28. f4 Kg7 29. fxe5 dxe5 30. d6 Bf3 31. Ra7 1-0


[Site "https://www.chess.com"]

[Event "Titled Tuesday Blitz May 16 Early 2023"]
[White "Asavasaetakul, Chawit"]
[Black "Ansh M Shah"]
[WhiteFideId "6204856"]
[BlackFideId "25033379"]
[WhiteElo "1919"]
[BlackElo "2084"]
[Result "1-0"]
[Round "06"]
[TimeControl "180+2"]
[Date "2023.05.16"]
[WhiteClock "0:01:10"]
[BlackClock "0:00:03"]

1. e4 c6 2. d4 d5 3. Nd2 dxe4 4. Nxe4 Bf5 5. Ng3 Bg6 6. h4 h6 7. Nf3 Nd7 8. h5 Bh7 9. Bd3 Bxd3 10. Qxd3 e6 11. Bd2 Ngf6 12. O-O-O Be7 13. Kb1 O-O 14. Qe2 Qb6 15. c4 Rad8 16. Ne4 Nxe4 17. Qxe4 Nf6 18. Qe2 Rfe8 19. Bc3 c5 20. dxc5 Qxc5 21. Ne5 Bd6 22. f4 Qc7 23. g4 Nd7 24. g5 Bxe5 25. fxe5 hxg5 26. h6 g6 27. h7+ Kh8 28. Qf3 Qc6 29. Qxf7 Qe4+ 30. Ka1 Rf8 31. Qxe6 Nc5 32. Qe7 Na4 33. Qxd8 Rxd8 34. Rxd8+ Kg7 35. h8=Q+ Kf7 36. Qe8+ Kg7 37. Qf8# 1-0


[Site "https://www.chess.com"]

[Event "Titled Tuesday Blitz May 16 Early 2023"]
[White "Omariev, Maksim"]
[Black "Colbow, Collin"]
[WhiteFideId "4193423"]
[BlackFideId "16201132"]
[WhiteElo "2423"]
[BlackElo "2351"]
[Result "0-1"]
[Round "06"]
[TimeControl "180+2"]
[Date "2023.05.16"]
[WhiteClock "0:00:00"]
[BlackClock "0:00:02"]

1. e4 d5 2. exd5 Qxd5 3. Nf3 Nc6 4. Nc3 Qa5 5. Bb5 Bd7 6. O-O Nf6 7. d4 e6 8. Bf4 Bb4 9. Qd3 a6 10. Bxc6 Bxc6 11. Ne5 Bd5 12. Bd2 O-O 13. Nxd5 Nxd5 14. c3 Bd6 15. c4 Nb4 16. Qb3 c5 17. a3 cxd4 18. Nf3 Qh5 19. Bxb4 Bxb4 20. Qxb4 e5 21. Rfe1 Rfe8 22. Qa5 f6 23. Nxd4 Qg4 24. Qd5+ Kh8 25. Re4 Qg6 26. Ne6 Rxe6 27. Rd1 Ree8 28. Ree1 Rab8 29. b4 h6 30. c5 Re7 31. a4 Rbe8 32. b5 e4 33. c6 bxc6 34. bxc6 f5 35. Re3 f4 36. Rh3 e3 37. fxe3 fxe3 38. Re1 e2 39. Rg3 Qc2 40. a5 Re6 41. Qd4 R8e7 42. Rc3 Qb2 43. Kf2 Rxc6 0-1


[Site "https://www.chess.com"]

[Event "Titled Tuesday Blitz May 16 Early 2023"]
[White "I_KID_you_not"]
[Black "Janaszak, Dawid"]
[BlackFideId "1119206"]
[WhiteElo "2330"]
[BlackElo "2220"]
[Result "0-1"]
[Round "06"]
[TimeControl "180+2"]
[Date "2023.05.16"]
[WhiteClock "0:00:00"]
[BlackClock "0:00:26"]

1. e4 Nc6 2. Nf3 e5 3. d4 exd4 4. Nxd4 Bb4+ 5. c3 Bc5 6. Be3 Qf6 7. Nf5 Bxe3 8. Nxe3 Nge7 9. Be2 d6 10. O-O O-O 11. f4 Ng6 12. Nd5 Qd8 13. Nd2 f5 14. Bd3 Nce7 15. Nxe7+ Nxe7 16. Qc2 Kh8 17. Rae1 c6 18. Kh1 a5 19. exf5 Bxf5 20. Bxf5 Nxf5 21. Ne4 Qh4 22. Qf2 Qh6 23. Ng5 Kg8 24. Re6 Rf6 25. Rfe1 Raf8 26. Re8 Qg6 27. Rxf8+ Rxf8 28. Re6 Rf6 29. Qe2 Rxe6 30. Qxe6+ Qxe6 31. Nxe6 c5 32. Kg1 b5 33. Kf2 Kf7 34. Nc7 b4 35. Nd5 Ke6 36. Nc7+ Kd7 37. Nd5 Kc6 38. Ne3 Ne7 39. f5 a4 40. cxb4 cxb4 41. g4 Kc5 42. Kf3 d5 43. Kf4 d4 44. Nd1 h6 45. h4 Nd5+ 46. Ke5 Ne3 47. Nf2 Kc4 48. Ke4 Nd5 49. g5 hxg5 50. hxg5 a3 51. bxa3 bxa3 0-1


[Site "https://www.chess.com"]

[Event "Titled Tuesday Blitz May 16 Early 2023"]
[White "Baghdasaryan, Vahe"]
[Black "Thiel, Thomas"]
[WhiteFideId "13303139"]
[BlackFideId "4615964"]
[WhiteElo "2216"]
[BlackElo "2210"]
[Result "1-0"]
[Round "06"]
[TimeControl "180+2"]
[Date "2023.05.16"]
[WhiteClock "0:01:48"]
[BlackClock "0:00:42"]

1. e4 d5 2. exd5 Nf6 3. d4 Nxd5 4. c4 Nb6 5. c5 Nd5 6. Bc4 g6 7. Nc3 Nxc3 8. bxc3 Bg7 9. Nf3 O-O 10. O-O Nc6 11. Re1 Bg4 12. h3 Bxf3 13. Qxf3 Nxd4 14. cxd4 Qxd4 15. Bg5 Qxc4 16. Rac1 Qxa2 17. Rxe7 c6 18. Rxb7 Qa6 19. Rcb1 Rac8 20. Be7 Rfe8 21. Bd6 Qc4 22. Rxa7 Bd4 23. Rb4 Qc1+ 24. Kh2 1-0


[Site "https://www.chess.com"]

[Event "Titled Tuesday Blitz May 16 Early 2023"]
[White "Preotu, Razvan"]
[Black "Balint, Vilmos"]
[WhiteFideId "2613280"]
[BlackFideId "718050"]
[WhiteElo "2407"]
[BlackElo "2034"]
[Result "1-0"]
[Round "06"]
[TimeControl "180+2"]
[Date "2023.05.16"]
[WhiteClock "0:00:05"]
[BlackClock "0:00:06"]

1. e4 e6 2. d4 d5 3. Nc3 Bb4 4. e5 Ne7 5. a3 Bxc3+ 6. bxc3 b6 7. h4 h5 8. Bg5 Qd7 9. Nh3 Ba6 10. Bxa6 Nxa6 11. Nf4 g6 12. a4 O-O-O 13. Qe2 Nb8 14. a5 Nbc6 15. O-O Kb7 16. axb6 cxb6 17. Qa6+ Ka8 18. Qxb6 Rb8 19. Qc5 Rhc8 20. Nd3 Nf5 21. Qa3 Qc7 22. Nc5 Nxe5 23. Na6 Qb6 24. dxe5 Ng3 25. Be3 Rc4 26. Nc7+ Kb7 27. Qxa7+ Kc8 28. fxg3 Qxc7 29. Rxf7 Qxa7 30. Raxa7 Rb1+ 31. Kh2 Kb8 32. Rae7 Rc8 33. Rxe6 Rb2 34. Rd6 Rxc2 35. Bd4 Rf2 36. Rxf2 1-0


[Site "https://www.chess.com"]

[Event "Titled Tuesday Blitz May 16 Early 2023"]
[White "Hua, Lefong"]
[Black "Devaev, Alexander"]
[WhiteFideId "2602253"]
[BlackFideId "4169395"]
[WhiteElo "2667"]
[BlackElo "2172"]
[Result "0-1"]
[Round "06"]
[TimeControl "180+2"]
[Date "2023.05.16"]
[WhiteClock "0:00:03"]
[BlackClock "0:00:12"]

1. d4 Nf6 2. c4 e6 3. Nc3 Bb4 4. f3 c5 5. a3 Bxc3+ 6. bxc3 Nc6 7. e4 d6 8. Be3 b6 9. Bd3 e5 10. d5 Na5 11. Qe2 Ba6 12. Nh3 Qd7 13. f4 Ng4 14. O-O Nxe3 15. Qxe3 O-O 16. fxe5 dxe5 17. Qe2 Qa4 18. Ng5 h6 19. Nf3 Rae8 20. Nd2 Nb7 21. g4 Nd6 22. Rf3 f6 23. h4 Kf7 24. Kf2 Ke7 25. Ke3 Kd7 26. Rg3 Kc7 27. Qd1 Qxd1 28. Rxd1 Nf7 29. a4 Nh8 30. h5 Rg8 31. a5 Nf7 32. Nf3 Nd6 33. Nd2 g6 34. Rf3 Ref8 35. axb6+ axb6 36. hxg6 Rxg6 37. Rh1 Nf7 38. Be2 Bc8 39. Rfh3 Bxg4 40. Bxg4 Rxg4 41. Nf3 Rfg8 42. Ra1 Kb7 43. Rah1 Rg3 44. Rxg3 Rxg3 45. Kf2 Rg4 46. Ke3 Kc7 47. Rh5 Rg3 48. Kf2 Rg4 49. Ke3 Kd7 50. Rf5 Ke7 51. Rh5 Rg3 52. Kf2 Rg6 53. Rh1 Rg4 54. Ke3 Nd6 55. Rxh6 Rxe4+ 56. Kd3 Rxc4 57. Rh7+ Kd8 58. Nd2 Rg4 59. c4 f5 60. Rh6 Ke7 61. Rh7+ Nf7 62. Rh5 e4+ 63. Ke2 Kf6 64. Rh1 Nd6 65. Ra1 Ke5 66. Ra6 Rg2+ 67. Kd1 e3 68. Nf3+ Ke4 69. Rxb6 Nxc4 70. Ng5+ Rxg5 71. Re6+ Kd3 72. Rg6 Rxg6 0-1


[Site "https://www.chess.com"]

[Event "Titled Tuesday Blitz May 16 Early 2023"]
[White "Begmuratov, Alisher"]
[Black "Yeritsyan, Hayk"]
[WhiteFideId "14203367"]
[BlackFideId "13307320"]
[WhiteElo "2387"]
[BlackElo "2438"]
[Result "1-0"]
[Round "06"]
[TimeControl "180+2"]
[Date "2023.05.16"]
[WhiteClock "0:02:03"]
[BlackClock "0:01:50"]

1. e4 c5 2. d4 cxd4 3. c3 Nf6 4. e5 Nd5 5. Nf3 Nc6 6. Bc4 Nb6 7. Bd3 d6 8. exd6 e5 9. cxd4 Bxd6 10. dxe5 Nxe5 11. Nxe5 Bxe5 12. O-O Qh4 13. g3 Qf6 14. Bb5+ Bd7 15. Bxd7+ Nxd7 16. Nc3 Qc6 17. Nd5 O-O 18. Ne7+ 1-0


[Site "https://www.chess.com"]

[Event "Titled Tuesday Blitz May 16 Early 2023"]
[White "merinasian"]
[Black "Souleidis, Georgios"]
[BlackFideId "4206827"]
[WhiteElo "2434"]
[BlackElo "2401"]
[Result "1-0"]
[Round "06"]
[TimeControl "180+2"]
[Date "2023.05.16"]
[WhiteClock "0:01:09"]
[BlackClock "0:01:01"]

1. d4 Nf6 2. Nf3 g6 3. g3 Bg7 4. Bg2 O-O 5. O-O d6 6. b3 a5 7. c4 c6 8. Nc3 Bf5 9. Bb2 Ne4 10. Nh4 Nxc3 11. Bxc3 Bc8 12. Qd2 a4 13. b4 d5 14. cxd5 cxd5 15. b5 Be6 16. f4 f5 17. Nf3 Nd7 18. Ne5 Nf6 19. Bb4 Re8 20. Rfc1 Qb6 21. Bc5 Qxb5 22. Rab1 Qa6 23. Rb6 Qa5 24. Qxa5 Rxa5 25. Rxe6 Ne4 26. Bxe4 dxe4 27. Rxe7 Rc8 1-0


[Site "https://www.chess.com"]

[Event "Titled Tuesday Blitz May 16 Early 2023"]
[White "Herrera Ortiz, Miguel"]
[Black "Vovk, Orest"]
[WhiteFideId "5100550"]
[BlackFideId "14113490"]
[WhiteElo "2609"]
[BlackElo "2215"]
[Result "1-0"]
[Round "06"]
[TimeControl "180+2"]
[Date "2023.05.16"]
[WhiteClock "0:00:30"]
[BlackClock "0:00:00"]

1. e4 g5 2. d4 g4 3. Bc4 Bg7 4. Be3 h5 5. Nc3 c5 6. Nge2 Nc6 7. Qd2 cxd4 8. Nxd4 d6 9. O-O-O Qa5 10. Kb1 a6 11. Rhe1 Bd7 12. Nb3 Qb4 13. Bf1 Bxc3 14. bxc3 Qa3 15. Qc1 Qxc1+ 16. Bxc1 Nf6 17. c4 b6 18. Bb2 Ne5 19. c5 bxc5 20. Nxc5 Bb5 21. c4 Nxc4 22. Bxc4 Bxc4 23. Bxf6 exf6 24. Rxd6 Rb8+ 25. Ka1 O-O 26. Nd7 Rfd8 27. Nxf6+ Kh8 28. Red1 Rxd6 29. Rxd6 Rb4 30. Nxh5 Ra4 31. Rd2 Bf1 32. f3 gxf3 33. gxf3 Rc4 34. Kb2 Rc6 35. Ng3 Bb5 36. f4 Rb6 37. Kc3 Rc6+ 38. Kd4 f6 39. Nf5 Rc4+ 40. Kd5 Rc8 41. Nd6 Bc6+ 42. Ke6 Rb8 43. Kxf6 Rf8+ 44. Ke5 Rg8 45. f5 Rg1 46. Kf6 1-0


[Site "https://www.chess.com"]

[Event "Titled Tuesday Blitz May 16 Early 2023"]
[White "Veiga, Jose Francisco R P Neves"]
[Black "Shubenkova, Veronika"]
[WhiteFideId "1930087"]
[BlackFideId "44124040"]
[WhiteElo "2320"]
[BlackElo "2060"]
[Result "1-0"]
[Round "06"]
[TimeControl "180+2"]
[Date "2023.05.16"]
[WhiteClock "0:00:05"]
[BlackClock "0:00:00"]

1. d4 d5 2. Nf3 e6 3. Bg5 Be7 4. Bxe7 Qxe7 5. e3 Nf6 6. Nbd2 Nbd7 7. Bd3 c5 8. c3 O-O 9. O-O Qd6 10. Qe2 e5 11. dxe5 Nxe5 12. Nxe5 Qxe5 13. Nf3 Qe7 14. Rad1 Bg4 15. h3 Bh5 16. g4 Bg6 17. Bxg6 fxg6 18. g5 Ne4 19. Rxd5 Qf7 20. Re5 Nd6 21. Nd2 Nf5 22. f4 Rfe8 23. Nc4 Ng3 24. Qg4 Nxf1 25. Nd6 Nxe3 26. Rxe3 Qf8 27. Nxe8 Rxe8 28. Qe2 Rd8 29. Re7 Qxf4 30. Rxg7+ Kxg7 31. Qe7+ Qf7 32. Qxd8 b6 33. a4 h6 34. h4 Qb7 35. Qf6+ Kh7 36. Kf2 hxg5 37. hxg5 Qd7 38. Ke3 Qh3+ 39. Kf4 Qf1+ 40. Ke5 Qe2+ 41. Kd6 Qd3+ 42. Kc7 Qg3+ 43. Kb7 Qg4 44. Kxa7 Qxa4+ 45. Kxb6 Qb3+ 46. Kxc5 Qxb2 47. Qf7+ Kh8 48. Qf6+ Kh7 49. Kc4 Qa2+ 50. Kd4 Qd2+ 51. Kc5 Qf2+ 52. Kd6 Qd2+ 53. Ke7 Qe2+ 54. Kf8 1-0


[Site "https://www.chess.com"]

[Event "Titled Tuesday Blitz May 16 Early 2023"]
[White "Van Dael, Siem"]
[Black "Weishaeutel, Moritz"]
[WhiteFideId "1049771"]
[BlackFideId "12967300"]
[WhiteElo "2336"]
[BlackElo "2301"]
[Result "0-1"]
[Round "06"]
[TimeControl "180+2"]
[Date "2023.05.16"]
[WhiteClock "0:00:03"]
[BlackClock "0:00:08"]

1. e4 e5 2. Nf3 Nf6 3. Nc3 Nc6 4. a3 d5 5. exd5 Nxd5 6. Bc4 Be6 7. Bxd5 Bxd5 8. O-O Be6 9. Re1 Bc5 10. Ne4 Bb6 11. Neg5 Bg4 12. d4 O-O 13. Qd3 g6 14. dxe5 Qxd3 15. cxd3 Rad8 16. h3 Bxf3 17. Nxf3 Rxd3 18. Bg5 Re8 19. Bf6 Nd4 20. Ng5 Rd2 21. Ne4 Rxb2 22. Rab1 Rxb1 23. Rxb1 Nc6 24. Rb5 a6 25. Rd5 Bd4 26. Rd7 Bxe5 27. Bxe5 Rxe5 28. f3 Re7 29. Rd5 f5 30. Nc5 Re5 31. Rxe5 Nxe5 32. Nxb7 Kf7 33. Nc5 a5 34. Kf2 Ke7 35. Ke3 Nc4+ 36. Kd4 Nxa3 37. Nb7 a4 38. Nc5 Nc2+ 39. Kc3 Ne1 40. g4 Nxf3 41. gxf5 gxf5 42. Nxa4 h5 43. Kd3 Ng5 44. Ke3 Nxh3 45. Nc3 Ke6 46. Kf3 Ng5+ 47. Kf4 Ne4 48. Ne2 c5 49. Ke3 c4 50. Nf4+ Kd6 51. Nxh5 c3 52. Kd3 Ke5 53. Kc2 f4 54. Kd3 f3 55. Ke3 c2 56. Kxf3 c1=Q 57. Ng3 Qf4+ 58. Ke2 Qxg3 59. Kf1 Qf2# 0-1


[Site "https://www.chess.com"]

[Event "Titled Tuesday Blitz May 16 Early 2023"]
[White "Kielinkei"]
[Black "Jakubowski, Krzysztof"]
[BlackFideId "1112848"]
[WhiteElo "2427"]
[BlackElo "2359"]
[Result "1-0"]
[Round "06"]
[TimeControl "180+2"]
[Date "2023.05.16"]
[WhiteClock "0:00:11"]
[BlackClock "0:00:00"]

1. Nf3 Nf6 2. c4 c5 3. g3 d5 4. cxd5 Nxd5 5. Bg2 Nc6 6. d4 Nc7 7. Be3 cxd4 8. Nxd4 Nxd4 9. Qxd4 Qxd4 10. Bxd4 Nb5 11. Be3 e5 12. O-O Be7 13. Rd1 f6 14. Nd2 Nd6 15. Bc5 Nf5 16. Ne4 Bxc5 17. Nxc5 Rb8 18. Rac1 Nd4 19. Kf1 Bg4 20. Rd2 Ke7 21. e3 Nb5 22. Nxb7 Rhc8 23. Nc5 a5 24. Rdc2 Bf5 25. Be4 Rxc5 26. Bxf5 Rxc2 27. Rxc2 g6 28. Bd3 Kd6 29. Ke2 f5 30. f3 Nc7 31. Bc4 Ke7 32. b3 Ne8 33. a3 h5 34. Rb2 Nd6 35. Bd5 e4 36. b4 Rb5 37. Bc6 exf3+ 38. Kxf3 Re5 39. Rc2 axb4 40. axb4 g5 41. Rc5 Kf6 42. Rxe5 Kxe5 43. b5 Nc4 44. h3 h4 45. gxh4 gxh4 46. Ke2 Kd6 47. Kf3 Ke5 48. Ke2 Nb6 49. Kd3 Nc8 50. Bd7 Nb6 51. Bc6 Nc8 52. Kc4 Kd6 53. Kd4 Nb6 54. e4 fxe4 55. Kxe4 Ke6 56. Kf4 Kf6 57. Kg4 Kg6 58. Kxh4 Kh6 59. Kg4 Kg7 60. Kg5 Nc4 61. Kf5 Nb6 62. Kg4 Kh6 63. Kh4 Nc4 64. Kg4 Nb6 65. Be4 Nc4 66. Bg2 Nb6 67. Bh1 Na4 68. Ba8 Nb6 69. Bc6 Nc4 70. Kf4 Nb6 71. Ke5 Nc4+ 72. Kd5 Nb6+ 73. Kc5 Na4+ 74. Kd6 Nb6 75. Kc7 Na4 76. Kd7 Nb6+ 77. Ke6 Na4 78. Be4 Kg5 79. Kd6 Kh4 80. Bf5 Nb6 81. Be6 Na4 82. Kc6 1-0


[Site "https://www.chess.com"]

[Event "Titled Tuesday Blitz May 16 Early 2023"]
[White "Hajiyev, Kanan"]
[Black "Pasti, Aron"]
[WhiteFideId "13404148"]
[BlackFideId "785857"]
[WhiteElo "2103"]
[BlackElo "2173"]
[Result "0-1"]
[Round "06"]
[TimeControl "180+2"]
[Date "2023.05.16"]
[WhiteClock "0:00:18"]
[BlackClock "0:00:35"]

1. d4 Nf6 2. c4 e6 3. Nf3 d5 4. cxd5 exd5 5. Nc3 Be7 6. Qc2 O-O 7. Bg5 c6 8. e3 Re8 9. Bd3 h6 10. Bf4 Nbd7 11. O-O Nf8 12. h3 Bd6 13. Ne5 Qe7 14. a3 N6d7 15. Nxd7 Bxd7 16. Bxd6 Qxd6 17. b4 a6 18. Na4 Rad8 19. Qc5 Qb8 20. Qb6 Bc8 21. Nc5 Nd7 22. Nxd7 Rxd7 23. Bxa6 c5 24. bxc5 Re6 25. Qb3 Rxa6 26. Rfb1 Qc7 27. a4 Qc6 28. a5 Re7 29. Qb4 Bf5 30. Rb2 Be4 31. Kh2 Qc7+ 32. Kg1 Rg6 33. f4 Bf5 34. g4 Rxe3 35. Qxb7 Rg3+ 36. Kh2 Rxh3+ 37. Kxh3 Bxg4+ 38. Kh4 Qd8+ 39. Kg3 Bc8+ 40. Kf3 Bxb7 41. Rxb7 Qh4 0-1


[Site "https://www.chess.com"]

[Event "Titled Tuesday Blitz May 16 Early 2023"]
[White "Koepke, Christian"]
[Black "Seinw1"]
[WhiteFideId "4655737"]
[WhiteElo "2204"]
[BlackElo "2554"]
[Result "1-0"]
[Round "06"]
[TimeControl "180+2"]
[Date "2023.05.16"]
[WhiteClock "0:00:06"]
[BlackClock "0:00:06"]

1. e4 e6 2. d4 d5 3. e5 c5 4. c3 Nc6 5. Nf3 Bd7 6. Bd3 Nge7 7. Na3 cxd4 8. cxd4 Nf5 9. Nc2 Qb6 10. Bxf5 exf5 11. O-O Be7 12. h4 Rc8 13. Bg5 h6 14. Bxe7 Nxe7 15. b3 O-O 16. Qd2 Rc7 17. Rfc1 Rfc8 18. Nce1 Bb5 19. g3 Ba6 20. Ng2 Kf8 21. Nf4 Rc6 22. Rxc6 Qxc6 23. Rd1 Qc2 24. Qxc2 Rxc2 25. Rd2 Rc1+ 26. Kg2 Bf1+ 27. Kh2 Bb5 28. h5 g5 29. hxg6 fxg6 30. Ne6+ Kf7 31. Nd8+ Kg7 32. Nxb7 g5 33. Nd6 Bd7 34. Ng1 f4 35. gxf4 gxf4 36. Ne2 Ng6 37. Nxc1 Nh4 38. Rc2 Nf3+ 39. Kh1 Bg4 40. Nd3 Nxd4 41. Rc7+ Kg6 42. Nxf4+ Kg5 43. Nd3 Ne6 44. Rxa7 Bf3+ 45. Kh2 Kh4 46. Nf5+ Kg5 47. Ne3 d4 48. Nc4 Kh4 49. b4 Ng5 50. Rg7 Be2 51. Ncb2 Nf3+ 52. Kh1 Nd2 53. Rg6 Bf3+ 54. Kg1 h5 55. e6 Be4 56. Rf6 Kg5 57. e7 Kxf6 58. e8=Q Nf3+ 59. Kf1 Nd2+ 60. Ke2 1-0


[Site "https://www.chess.com"]

[Event "Titled Tuesday Blitz May 16 Early 2023"]
[White "LangesNasenhaar"]
[Black "Bartel, Michal"]
[BlackFideId "1119257"]
[WhiteElo "2425"]
[BlackElo "2282"]
[Result "1-0"]
[Round "06"]
[TimeControl "180+2"]
[Date "2023.05.16"]
[WhiteClock "0:00:55"]
[BlackClock "0:00:00"]

1. d4 Nf6 2. Nc3 c5 3. d5 a6 4. a4 e6 5. e4 d6 6. Nf3 exd5 7. exd5 Be7 8. Be2 O-O 9. O-O Re8 10. Nd2 Nbd7 11. Nc4 Nb6 12. Na3 Bd7 13. a5 Nc8 14. Nc4 Bb5 15. Bf4 Bxc4 16. Bxc4 Na7 17. Re1 Qd7 18. Qd3 Bf8 19. h3 Rxe1+ 20. Rxe1 Re8 21. Rb1 Qc7 22. Ra1 Nd7 23. Qg3 Ne5 24. Bf1 Ng6 25. Be3 Be7 26. Ne4 Qd8 27. c4 Bf6 28. Nxf6+ Qxf6 29. Rb1 Qe5 30. Qxe5 Nxe5 31. b4 Nc8 32. bxc5 Nd7 33. c6 bxc6 34. dxc6 Ne5 35. c7 Kf8 36. c5 Ke7 37. cxd6+ Kxd6 38. Bb6 f6 39. Bxa6 Nd7 40. Rd1+ Kc6 41. Rxd7 Kxd7 42. Bb5+ 1-0


[Site "https://www.chess.com"]

[Event "Titled Tuesday Blitz May 16 Early 2023"]
[White "Erzhanov, Arman"]
[Black "Rottenwohrer Suarez, Juan"]
[WhiteFideId "4138821"]
[BlackFideId "32068182"]
[WhiteElo "2138"]
[BlackElo "2174"]
[Result "0-1"]
[Round "06"]
[TimeControl "180+2"]
[Date "2023.05.16"]
[WhiteClock "0:01:41"]
[BlackClock "0:00:49"]

1. e4 c5 2. Nf3 g6 3. d4 cxd4 4. Qxd4 Nf6 5. e5 Nc6 6. Qa4 Nd5 7. Qe4 Nb6 8. Nc3 d5 9. exd6 Bf5 10. Qf4 Bg7 11. dxe7 Qxe7+ 12. Qe3 O-O 13. Qxe7 Nxe7 14. Bd3 Bxd3 15. cxd3 Rfd8 16. Ke2 Ned5 17. Bd2 Nb4 18. Ne1 Re8+ 19. Be3 N6d5 20. Nxd5 Nxd5 21. Nc2 Bxb2 22. Rab1 Nc3+ 23. Kd2 Nxb1+ 24. Rxb1 Bf6 25. Rxb7 a5 26. Bf4 Rac8 27. d4 Rc4 28. Be3 Ra4 29. a3 Rc8 30. Rb3 Rac4 31. Ne1 Bxd4 32. Bxd4 Rxd4+ 33. Nd3 Kg7 34. Rb5 Ra4 35. Rb3 Rac4 36. Ke3 Rc3 37. Rxc3 Rxc3 38. a4 Ra3 39. Kd4 Rxa4+ 40. Kc5 Ra2 41. Kc4 a4 42. Kc3 h5 43. h4 f6 44. g3 g5 45. f4 gxh4 46. gxh4 Kg6 47. Kb4 Kf5 48. Nc5 Kxf4 49. Nxa4 Rxa4+ 50. Kxa4 Kg4 51. Kb4 Kxh4 52. Kc4 Kg3 53. Kd4 h4 54. Ke4 h3 55. Kf5 h2 56. Kxf6 h1=Q 0-1


[Site "https://www.chess.com"]

[Event "Titled Tuesday Blitz May 16 Early 2023"]
[White "Kalajzic, Ivan"]
[Black "Bruedigam, Martin"]
[WhiteFideId "14506378"]
[BlackFideId "24608033"]
[WhiteElo "2203"]
[BlackElo "2331"]
[Result "0-1"]
[Round "06"]
[TimeControl "180+2"]
[Date "2023.05.16"]
[WhiteClock "0:00:00"]
[BlackClock "0:00:04"]

1. b3 e5 2. Bb2 Nc6 3. e3 Nf6 4. Bb5 Bd6 5. Na3 Na5 6. Be2 a6 7. c4 O-O 8. Nf3 Re8 9. O-O Nc6 10. Nc2 Bf8 11. d4 e4 12. Ne5 Ne7 13. Ng4 Nxg4 14. Bxg4 d5 15. cxd5 Nxd5 16. Bxc8 Rxc8 17. Qg4 Re6 18. Rac1 b5 19. Rfd1 c6 20. Ba3 b4 21. Bb2 Bd6 22. g3 Qe8 23. Ne1 a5 24. Rc4 Rg6 25. Qh3 Rh6 26. Qg2 f5 27. Rdc1 g5 28. Qf1 f4 29. exf4 gxf4 30. Ng2 f3 31. Nh4 Qd7 32. Kh1 Be7 33. R4c2 Bxh4 34. gxh4 Kf7 35. Qa6 Rg6 36. Rg1 Rxg1+ 37. Kxg1 Qh3 0-1


[Site "https://www.chess.com"]

[Event "Titled Tuesday Blitz May 16 Early 2023"]
[White "Yosha_Iglesias"]
[Black "Han, Yichen"]
[BlackFideId "1054430"]
[WhiteElo "2408"]
[BlackElo "2342"]
[Result "1-0"]
[Round "06"]
[TimeControl "180+2"]
[Date "2023.05.16"]
[WhiteClock "0:01:51"]
[BlackClock "0:01:05"]

1. d4 Nf6 2. Nf3 e6 3. e3 b6 4. Bd3 Bb7 5. O-O Be7 6. c4 O-O 7. Nc3 c5 8. d5 d6 9. e4 Nbd7 10. dxe6 fxe6 11. Ng5 Qc8 12. Nxe6 Re8 13. Nd5 Nxd5 14. exd5 Ne5 15. f4 Nxd3 16. Qxd3 Bf6 17. Rb1 Rxe6 18. dxe6 Qxe6 19. Bd2 Be4 20. Qe2 Bd4+ 21. Kh1 Qg6 22. Rbe1 Bd3 23. Qf3 Bxf1 24. Qxa8+ Kf7 25. Qe8+ Kf6 26. Qe6# 1-0


[Site "https://www.chess.com"]